 Dungeon Crawl Stone Soup version 0.28.0-53-g5a82cb258f (webtiles) character file.

Game seed: 6468886757155247763

10007 unlimited1921 the Thaumaturge (level 11, -30/60 (68) HPs)
             Began as a Djinni Fire Elementalist on June 20, 2022.
             Was an Initiate of Gozag.
             Killed from afar by Nergalle (38 damage)
             ... with a bolt of negative energy
             ... on level 10 of the Dungeon.
             The game lasted 01:13:43 (20548 turns).

unlimited1921 the Thaumaturge (DjFE)               Turns: 20548, Time: 01:13:52

HP:   -30/60 (68)   AC:  8    Str:  7    XL:     11   Next: 85%
Gold: 564           EV: 13    Int: 21    God:    Gozag SH:  5 Dex: 14

rFire   + + +      SeeInvis .   P - +0 triple crossbow
rCold   . . .      Faith    .   (shield currently unavailable)
rNeg    . . .      Spirit   .   A - +2 robe {rC+ rF+}
rPois   ∞          Reflect  +   (no helmet)
rElec   +          Harm     .   y - +2 cloak of the Demon Prince {rElec}
rCorr   .          Rampage  .   b - +0 pair of gloves
Will    +....                   (boots unavailable)
Stlth   +++.......              V - amulet of reflection
HPRegen 0.20/turn               (no ring)
MPRegen 0.00/turn               (no ring)

@: flying, heavily drained
A: sickness immunity, fire resistance 2, cold vulnerability 1, float, innate
caster, HP casting, extra vitality 1
a: Renounce Religion, Potion Petition, Call Merchant, Bribe Branch


You were on level 10 of the Dungeon.
You worshipped Gozag.
Gozag was pleased with you.
You visited 2 branches of the dungeon, and saw 11 of its levels.

You collected 1376 gold pieces.
You spent 412 gold pieces at shops.
You paid 400 gold pieces to Gozag.

Inventory:

Hand Weapons
 f - a +6 long sword
 w - a +0 hand axe of electrocution
 z - a +2 whip of freezing
 F - a +0 hand crossbow
 N - a +5 quarterstaff of draining
 P - a +0 triple crossbow (weapon)
 T - a +3 quarterstaff of chaos
 Z - a +4 flail of protection
Missiles
 d - 48 poisoned darts (quivered)
 g - 328 stones
 j - 115 bolts (quivered ammo)
 n - 14 boomerangs
 q - 2 javelins
 E - 2 boomerangs of dispersal
 H - 2 silver boomerangs
 Q - a throwing net
 R - a silver javelin
Armour
 b - a +0 pair of gloves (worn)
 i - a +0 chain mail
 o - a +0 ring mail
 y - the +2 cloak of the Demon Prince (worn) {rElec}
   (You found it on level 3 of the Dungeon)

   rElec:     It insulates you from electricity.
 A - a +2 robe of resistance (worn)
 S - a +1 leather armour of willpower
Jewellery
 V - an amulet of reflection (around neck)
Wands
 a - a wand of acid (21)
 D - a wand of charming (13)
 J - a wand of mindburst (9)
 O - a wand of iceblast (8)
Scrolls
 e - a scroll of holy word
 h - 3 scrolls of immolation
 l - a scroll of fear {unknown}
 p - 3 scrolls of summoning
 B - a scroll of noise {unknown}
 C - 2 scrolls of blinking {unknown}
 I - 3 scrolls of enchant armour {unknown}
 K - a scroll of enchant weapon {unknown}
 W - 2 scrolls of brand weapon {unknown}
Potions
 k - a potion of resistance
 m - a potion of mutation
 r - 3 potions of haste
 s - 3 potions of magic {unknown}
 x - 2 potions of cancellation {unknown}
 G - a potion of degeneration {unknown}
 L - 2 potions of flight
 U - a potion of attraction {unknown}
 X - 2 potions of brilliance
 Y - 2 potions of curing


   Skills:
 + Level 2.0 Fighting
 + Level 0.9 Crossbows
 + Level 3.3 Armour
 + Level 4.4 Dodging
 + Level 4.2 Stealth
 + Level 2.1 Shields
 + Level 12.6 Spellcasting


You had 8 spell levels left.
You knew the following spells:

 Your Spells              Type           Power      Damage    Failure   Level
a - Foxfire               Conj/Fire      100%       2x1d9     1%          1
b - Scorch                Fire           100%       2d10      1%          2
c - Conjure Flame         Conj/Fire      61%        6-21      1%          3
d - Inner Flame           Hex/Fire       61%        N/A       1%          3
e - Flame Wave            Conj/Fire      61%        2d12      1%          4
f - Freeze                Ice            100%       1d11      1%          1
g - Call Imp              Summ           61%        N/A       1%          2
h - Portal Projectile     Hex/Tloc       100%       N/A       1%          3
i - Anguish               Hex/Necr       30%        N/A       1%          4
j - Passage of Golubria   Tloc           61%        N/A       1%          4
Your spell library was empty.

Dungeon Overview and Level Annotations

Branches:
Dungeon (10/15)            Temple (1/1) D:6            Lair (0/6) D:8
    Orc (0/2) D:10

Altars:
Ashenzari
Cheibriados
Dithmenos
Elyvilon
Fedhas
Gozag
Hepliaklqana
Kikubaaqudgha
Makhleb
Nemelex Xobeh
Okawaru
Qazlal
Ru
Sif Muna
Trog
Uskayaw
Vehumet
Wu Jian
Xom
Yredelemnul
Zin
The Shining One

Shops:
D:1 *   D:7 (   D:10 !

Annotations:
D:10 Nergalle


Innate Abilities, Weirdness & Mutations

You are immune to sickness and miasma.
You are immune to poison.
Your flesh is very heat resistant. (rF++)
You are vulnerable to cold. (rC-)
You float through the air rather than walking.
You learn spells naturally, not from books.
Your magical power is your life essence.
You have superior vitality. (+4 MHP)


Message History

Press: ? - help, Dir - move target, f - spectral orc warrior, p - spectral orc
Aim: a spectral orc warrior, wielding a +0 mace and wearing a +0 chain mail (summoned, infinite will)
The spectral orc warrior is unaffected.
Nergalle casts a spell at the spectral orc warrior.
The spectral orc warrior seems to speed up.
Your crimson imp hits Nergalle but does no damage.
Casting: Inner Flame (safe; 1% risk of failure)
Confirm with . or Enter, or press ? or * to list all spells.
Aiming: Inner Flame (safe; 1% risk of failure)
Press: ? - help, Dir - move target, f/p - spectral orc warrior
Aim: a spectral orc warrior, wielding a +0 mace and wearing a +0 chain mail (summoned, fast, infinite will)
The spectral orc warrior is unaffected.
Nergalle points at you and mumbles some strange words.
The bolt of negative energy hits your crimson imp.
Your crimson imp completely resists.
The bolt of negative energy hits you!!
You feel drained.
* * * LOW HITPOINT WARNING * * *
Your crimson imp hits Nergalle but does no damage.
Nergalle closely misses your crimson imp.
Your crimson imp barely misses Nergalle.
Casting: Inner Flame (safe; 1% risk of failure)
Confirm with . or Enter, or press ? or * to list all spells.
Flames lash Nergalle.
Flame seeps out of Nergalle.
Nergalle is heavily wounded.
Nergalle's fire resistance burns away.
* * * LOW HITPOINT WARNING * * *
Nergalle hits your crimson imp with a +2 dagger of speed!
Your crimson imp hits Nergalle but does no damage.
Nergalle barely misses your crimson imp.
Nergalle is engulfed in blazing flames.
Flame seeps out of Nergalle.
Nergalle hits your crimson imp with a +2 dagger of speed.
Your crimson imp hits Nergalle but does no damage.
Nergalle is engulfed in blazing flames.
Flame seeps out of Nergalle.
Nergalle points at you and mumbles some strange words.
The bolt of negative energy hits your crimson imp.
Your crimson imp completely resists.
The bolt of negative energy hits you!!!
You feel drained.
Ouch! That really hurt!
You die...
Your body crumbles into a pile of gold.

#..# #........(..#
#.# ....... #..#
#...........# #.#
....... #..#
#...........# #.#
....... #..#
#...........# #.#
....... #..#
#...........# #.#
....... #..#
#...........# #.#
#..# #...........#
#.# #..#
#...........# #..#
#..........@# .#
#................#
.# .....##..####.#
#.# ####. #..# #.#
#.# .. #. #..# #5#
#.# ... #..#
#o####.# ... #..#
#ZZ....# # ...
#......# .#
#.###..##.$#


You could see Nergalle (inner flame, combustible, ally target), a spectral orc
(summoned, fast), a spectral orc warrior (summoned, fast) and a friendly crimson
imp (summoned).

Vanquished Creatures
  3 two-headed ogres
  Pikel (D:4)
  Joseph (D:7)
  Sigmund (D:3)
  14 yaks
  A wyvern (D:7)
  5 steam dragons
  3 water moccasins
  2 acid dragons
  Duvessa (D:6)
  A black bear (D:3)
  3 orc warriors
  2 sky beasts
  An ogre (D:5)
  5 centaurs
  2 bullfrogs
  4 kobold brigands
  3 scorpions
  A wyvern zombie (D:8)
  A wyvern skeleton (D:7)
  Dowan (D:6)
  7 killer bees
  14 wights
  A howler monkey (D:9)
  3 centaur zombies
  A crimson imp (D:6)
  3 hounds
  3 orc priests
  Crazy Yiuf (D:7)
  5 iguanas
  2 orc wizards
  Natasha (D:3)
  Ijyb (D:3)
  A killer bee zombie (D:8)
  A hound skeleton (D:4)
  2 howler monkey zombies (D:8)
  A howler monkey skeleton (D:6)
  7 adders
  2 white imps (D:7)
  2 worms (D:4)
  5 dart slugs
  27 orcs
  9 ball pythons
  4 endoplasms
  A giant cockroach (D:2)
  7 goblins
  12 hobgoblins
  14 jackals
  29 kobolds
  6 quokkas
  A training dummy (D:7)
  9 bats
  7 frilled lizards
  4 rats
249 creatures vanquished.

Vanquished Creatures (collateral kills)
  A bullfrog (D:8)
  A killer bee (D:8)
  2 training dummies (D:7)
4 creatures vanquished.

Vanquished Creatures (others)
  An orc warrior (D:8)
  A wyvern zombie (D:8)
  An iguana (D:5)
  An orc wizard (D:8)
  3 kobolds (D:8)
  550 foxfires
  7 plants (D:1)
  7 withered plants (D:1)
571 creatures vanquished.

Grand Total: 824 creatures vanquished

Notes
Turn   | Place    | Note
-------+----------+-------------------------------------------
     0 | D:1      | unlimited1921 the Djinni Fire Elementalist began the quest
                  | for the Orb.
     0 | D:1      | Reached XP level 1. HP: 15/15 MP: 0/0
   157 | D:1      | Reached XP level 2. HP: 10/21 MP: 0/0
   804 | D:1      | Reached skill level 3 in Spellcasting
   984 | D:1      | Reached XP level 3. HP: 24/25 MP: 0/0
   984 | D:1      | Learned a level 1 spell: Freeze
  1317 | D:1      | Found a faded altar of an unknown god.
  2111 | D:1      | Found Rayvuu's General Store.
  2139 | D:1      | Bought a scroll of identify for 28 gold pieces
  2938 | D:2      | Reached XP level 4. HP: 27/31 MP: 0/0
  4389 | D:3      | Noticed Natasha
  4394 | D:3      | Killed Natasha
  4395 | D:3      | Reached XP level 5. HP: 30/35 MP: 0/0
  4395 | D:3      | Learned a level 2 spell: Call Imp
  4734 | D:3      | Noticed Sigmund
  4740 | D:3      | Killed Sigmund
  4741 | D:3      | Reached skill level 4 in Spellcasting
  4741 | D:3      | Reached XP level 6. HP: 18/40 MP: 0/0
  4911 | D:3      | Noticed a black bear
  4915 | D:3      | Killed a black bear
  4916 | D:3      | Reached skill level 5 in Spellcasting
  4916 | D:3      | Reached XP level 7. HP: 36/45 MP: 0/0
  4916 | D:3      | Learned a level 3 spell: Portal Projectile
  5156 | D:3      | Noticed Ijyb
  5160 | D:3      | Killed Ijyb
  5780 | D:3      | Found a glowing silver altar of Zin.
  5951 | D:3      | Identified the +2 cloak of the Demon Prince {rElec}
  6569 | D:4      | Found a blossoming altar of Fedhas.
  6715 | D:4      | Found a broken altar of Ashenzari.
  7694 | D:5      | Entered Level 5 of the Dungeon
  7694 | D:5      | Noticed Pikel
  7706 | D:4      | Killed Pikel
  7707 | D:4      | Reached skill level 6 in Spellcasting
  7707 | D:4      | Reached XP level 8. HP: 8/50 MP: 0/0
  8452 | D:5      | Reached skill level 7 in Spellcasting
  9150 | D:5      | Found an iron altar of Okawaru.
  9239 | D:5      | Reached XP level 9. HP: 44/55 MP: 0/0
  9239 | D:5      | Learned a level 4 spell: Anguish
  9842 | D:6      | Found a burning altar of Makhleb.
 10513 | D:6      | Noticed Duvessa
 10513 | D:6      | Noticed Dowan
 10517 | D:6      | Killed Dowan
 10522 | D:6      | Killed Duvessa
 10523 | D:6      | Reached skill level 8 in Spellcasting
 11540 | D:6      | Found a staircase to the Ecumenical Temple.
 11550 | Temple   | Entered the Ecumenical Temple
 11579 | Temple   | Became a worshipper of Gozag Ym Sagoz the Greedy
 11868 | D:7      | Reached skill level 9 in Spellcasting
 12117 | D:7      | Found a runed translucent door.
 12118 | D:7      | Noticed Crazy Yiuf
 12633 | D:7      | Noticed Joseph
 12640 | D:7      | Killed Joseph
 12641 | D:7      | Reached XP level 10. HP: 13/61 MP: 0/0
 13251 | D:7      | Found Faisoj's Firing Range.
 13262 | D:7      | Bought a +0 triple crossbow for 120 gold pieces
 13404 | D:7      | Reached skill level 10 in Spellcasting
 13812 | D:7      | Killed Crazy Yiuf
 15228 | D:8      | Reached skill level 1 in Fighting
 16283 | D:8      | Noticed a two-headed ogre
 16297 | D:8      | Killed a two-headed ogre
 16298 | D:8      | Reached skill level 11 in Spellcasting
 16607 | D:8      | Noticed a purple ugly thing
 17237 | D:8      | Found a sparkling altar of Nemelex Xobeh.
 17262 | D:8      | Found a staircase to the Lair.
 17271 | D:8      | Found a snail-covered altar of Cheibriados.
 17349 | D:8      | Found a hazy altar of Hepliaklqana.
 17462 | D:8      | Reached XP level 11. HP: 57/67 MP: 0/0
 17462 | D:8      | Learned a level 4 spell: Passage of Golubria
 17878 | D:9      | Noticed a two-headed ogre
 17886 | D:8      | Killed a two-headed ogre
 18259 | D:9      | Found a hide-covered altar of Uskayaw.
 19034 | D:8      | Reached skill level 12 in Spellcasting
 19133 | D:9      | Noticed a two-headed ogre
 19142 | D:9      | Killed a two-headed ogre
 19149 | D:9      | Reached skill level 1 in Shields
 19503 | D:10     | Entered Level 10 of the Dungeon
 19503 | D:10     | Found Morr's Distillery.
 19516 | D:10     | Found a staircase to the Orcish Mines.
 19558 | D:10     | Bought 2 potions of brilliance for 88 gold pieces
 19558 | D:10     | Bought a potion of haste for 110 gold pieces
 19558 | D:10     | Bought a potion of curing for 33 gold pieces
 19558 | D:10     | Bought a potion of curing for 33 gold pieces
 19856 | D:9      | Found a sacrificial altar of Ru.
 20521 | D:10     | Noticed Nergalle
 20548 | D:10     | Killed from afar by Nergalle

Illustrated notes

Levels and vault maps discovered:
D:1:      lightli_arrival_chessboard, layout_loops_ring, serial_shops,
          nicolae_shop_statue_plus, shapermc_ecumenical_altar_flowoftime
D:2:      layout_loops_ring, basic_altar
D:3:      cheibrodos_thug_alley, layout_rooms, mainiacjoe_overflow_24_doors,
          minivault_11, minmay_cupped, uniq_sigmund, uniq_ijyb, uniq_jessica,
          uniq_natasha
D:4:      layout_basic, lemuel_crystal_altar, fedhas_altar_4,
          cheibrodos_sewer_entry_bend
D:5:      layout_gridville, lemuel_tele_altar, uniq_pikel
D:6:      layout_loops_cross, makhleb_grotto_becter, temple_statues,
          minmay_misc_feat_hallway, chequers_serial_rivers_large_b,
          kennysheep_another_room, minmay_holes, grunt_ministairs_11,
          minmay_circle_x, uniq_duvessa
D:7:      layout_cave_pools, mainiacjoe_overflow_surrounded_room,
          chequers_garden, kennysheep_cross_room, nicolae_shop_firing_range,
          uniq_crazy_yiuf_cottage, uniq_joseph
D:8:      minmay_s_stair_smasher, layout_rooms,
          mainiacjoe_overflow_six_doors_small, kennysheep_mini,
          lemuel_crystal_altar
D:9:      layout_cross, nicolae_uskayaw_suspiria, mainiacjoe_overflow_paths
D:10:     layout_long_grid, orc_0_dummy, serial_shops, nicolae_shop_waterfront,
          uniq_nergalle
Temple:   jpeg_temple_clearing

Skill      XL: |  1  2  3  4  5  6  7  8  9 10 11 |
---------------+----------------------------------+-----
Spellcasting   | 3 4 5 6 7 9 11 12 | 12.6
Stealth        | 2 3 4 |  4.2
Armour         | 2 3 |  3.3
Dodging        | 3 4 |  4.4
Fighting       | 1 2 |  2.0
Shields        | 2 |  2.1
Crossbows      | |  0.9

Action                   |  1- 3 |  4- 6 |  7- 9 | 10-12 || total
-------------------------+-------+-------+-------+-------++-------
Melee: Mace              |    39 |       |       |       ||    39
       Punch             |     1 |       |       |       ||     1
       Scythe            |       |       |     2 |       ||     2
       Triple crossbow   |       |       |       |     2 ||     2
 Fire: Triple crossbow   |       |       |       |    10 ||    10
Throw: Dart              |       |       |       |     4 ||     4
 Cast: Foxfire           |    73 |    46 |   127 |    79 ||   325
       Scorch            |     1 |     8 |    48 |    80 ||   137
       Inner Flame       |       |     8 |    39 |    65 ||   112
       Call Imp          |       |     1 |     6 |    10 ||    17
       Freeze            |       |       |     4 |       ||     4
       Flame Wave        |       |       |     2 |    14 ||    16
       Anguish           |       |       |    10 |    10 ||    20
       Passage of Golubr |       |       |       |     5 ||     5
Invok: Potion Petition   |       |       |       |     1 ||     1
Evoke: Wand              |       |       |       |     2 ||     2
  Use: Scroll            |     2 |       |     4 |     3 ||     9
       Potion            |       |       |       |     1 ||     1
Armor: Robe              |     1 |     3 |    16 |    53 ||    73
       Leather armour    |       |       |     4 |       ||     4
Dodge: Dodged            |    10 |     6 |    25 |   108 ||   149
Block: Other             |       |       |       |    20 ||    20
       Reflection        |       |       |       |     1 ||     1
